Map: Orbital Shipyard

Players

SticklerMac

  • Race: Terran Terran
  • League: Bronze

GIN - Winner!

  • Race: Terran Terran
  • League: Bronze

VOD

Have the link to the VOD?

Description

Time

  • Played on: July 26, 2015, 11:28 a.m.
  • Length: 12:21
Show
View Real Time Build Order
Export as new Build Order

SticklerMac Terran 

Build Orders:  

Get SALT Encoding   

  12  0:01  SCV  
  13  0:13  SCV  
  14  0:20  Supply Depot  
  14  0:25  SCV  
  15  0:29  Refinery  
  15  0:40  Engineering Bay  
  15  0:43  SCV  
  16  0:56  Barracks  
  16  1:04  SCV  
  17  1:16  SCV  
  18  1:28  SCV  
  18  1:31  Barracks  
  19  1:40  SCV  
  19  1:42  Refinery  
  20  1:49  Factory  
  21  1:54  SCV  
  21  1:59  Marine  
  22  2:07  SCV  
  23  2:14  Terran Infantry Weapons Level 1  
  23  2:19  Barracks Tech Lab  
  23  2:28  Supply Depot  
  23  2:33  Supply Depot  
  23  2:39  Factory Reactor  
  23  2:49  Marine x2  
  23  2:50  SCV  
  25  3:02  SCV  
  22  3:07  Marine  
  21  3:14  Bunker  
  21  3:17  Hellion  
  21  3:19  Marine  
  22  3:25  Marine  
  22  3:27  SCV  
  18  3:35  Widow Mine  
  8  4:17  SCV  
  9  4:48  SCV  
Show
View Real Time Build Order
Export as new Build Order

GIN Terran - Winner!

Build Orders:  

Get SALT Encoding   

  12  0:01  SCV  
  13  0:13  SCV  
  14  0:20  Supply Depot  
  14  0:25  SCV  
  15  0:41  SCV  
  16  0:53  SCV  
  17  1:04  Refinery  
  17  1:05  SCV  
  17  1:10  Supply Depot  
  18  1:15  Barracks  
  18  1:16  Barracks  
  18  1:18  Refinery  
  18  1:20  SCV  
  19  1:32  SCV  
  19  1:34  Supply Depot  
  20  1:45  SCV  
  21  1:57  SCV  
  21  1:59  Supply Depot  
  22  2:03  Reaper  
  22  2:06  Reaper  
  24  2:09  SCV  
  25  2:21  SCV  
  26  2:34  Orbital Command  
  26  2:36  Reaper  
  27  2:38  Reaper  
  28  3:08  Reaper  
  28  3:10  Reaper  
  30  3:40  Reaper  
  31  3:43  Reaper  
  32  4:06  Factory  
  32  4:08  Command Center  
  32  4:12  Reaper  
  32  4:15  Reaper  
  34  4:18  Command Center  
  33  4:44  Reaper  
  34  4:47  Reaper  
  33  5:16  Reaper  
  33  5:19  Reaper  
  35  5:39  Orbital Command  
  35  5:41  Orbital Command  
  35  5:43  Refinery x2  
  35  5:47  Starport  
  35  5:48  Reaper  
  36  5:51  Reaper  
  36  6:20  Reaper  
  36  6:23  Reaper  
  38  6:26  Armory, Starport Reactor  
  38  6:30  SCV  
  39  6:43  SCV  
  40  6:52  Reaper  
  41  6:54  Liberator  
  41  6:55  SCV, Reaper  
  41  6:57  Liberator  
  41  7:00  SCV  
  44  7:07  SCV  
  45  7:12  SCV  
  52  7:19  Supply Depot, SCV  
  53  7:24  SCV, Reaper  
  53  7:27  Reaper  
  56  7:31  SCV  
  56  7:32  Refinery  
  56  7:36  SCV  
  58  7:37  Liberator  
  58  7:40  Liberator  
  58  7:41  Refinery  
  58  7:42  Supply Depot  
  58  7:43  SCV  
  59  7:53  SCV x2  
  59  7:55  SCV  
  59  7:57  Reaper  
  59  7:58  Command Center  
  69  8:01  Refinery  
  69  8:05  SCV x2, Refinery, Supply Depot  
  71  8:06  Hellbat  
  71  8:07  SCV  
  74  8:17  SCV x2  
  76  8:26  SCV  
  77  8:28  Hellbat  
  77  8:29  SCV x2  
  81  8:36  Terran Ship Weapons Level 1  
  81  8:38  SCV  
  82  8:41  SCV x2  
  82  8:42  Starport  
  84  8:49  Hellbat  
  84  8:50  SCV  
  87  8:59  Liberator x2  
  93  9:20  Orbital Command  
  93  9:42  Liberator x2, Starport Tech Lab  
  99  10:52  Marine  
  100  12:11  Supply Depot  
Tags
 
Add a new tag
Caveats
  • Supply blocks, unpowered buildings, or Contaminate may cause inaccurate times.
  • Supply counts are checked every 10 seconds.